 Dungeon Crawl Stone Soup version 0.24.0-37-gcf1ca852f1 (webtiles) character file.

Game seed: 2103937980375193285, levelgen mode: deterministic

65 ReteAZ the Skirmisher (level 4, 0/29 HPs)
             Began as a Gargoyle Monk on Dec 8, 2019.
             Slain by a jackal (1 damage)
             ... on level 3 of the Dungeon.
             The game lasted 00:08:33 (1569 turns).

ReteAZ the Skirmisher (Gargoyle Monk)               Turns: 1569, Time: 00:08:34

Health: 0/29       AC:  6    Str: 16    XL:     4   Next: 13%
Magic:  4/4        EV: 12    Int: 10    God:
Gold:   162        SH:  0    Dex: 12    Spells: 3/3 levels left

rFire    . . .     SeeInvis .   a - +0 mace
rCold    . . .     Gourm    .   (no shield)
rNeg     + . .     Faith    .   b - +0 robe
rPois    ∞         Spirit   .   (no helmet)
rElec    +         Reflect  .   (no cloak)
rCorr    .         Harm     .   g - +0 pair of gloves
MR       .....                  (no boots)
Stlth    ++........             (no amulet)
HPRegen  0.09/turn              (no ring)
MPRegen  0.09/turn              (no ring)

@: no status effects
A: negative energy resistance 1, electricity resistance, unbreathing,
petrification resistance, rot immunity, AC +3
a: no special abilities


You were on level 3 of the Dungeon.
You were not hungry.

You visited 1 branch of the dungeon, and saw 3 of its levels.

You collected 162 gold pieces.

Inventory:

Hand Weapons
 a - a +0 mace (weapon)
 f - a +0 whip
Missiles
 o - 11 poisoned darts (quivered)
Armour
 b - a +0 robe (worn)
 g - a +0 pair of gloves (worn)
Scrolls
 e - a scroll of identify
 h - a scroll of remove curse {unknown}
 i - a scroll of amnesia {unknown}
 l - 2 scrolls of enchant armour
 m - 4 scrolls of teleportation {unknown}
Potions
 j - a potion of curing {unknown}
 k - a potion of flight {unknown}
 n - a potion of resistance {unknown}
Comestibles
 c - 8 rations
 d - 3 chunks of flesh


   Skills:
 + Level 4.2 Fighting
 * Level 4.1 Maces & Flails
 - Level 2.5 Dodging
 - Level 2.2 Stealth


You had 3 spell levels left.
You didn't know any spells.
Your spell library was empty.

Dungeon Overview and Level Annotations

Branches:
Dungeon (3/15)

Altars:
Elyvilon


Innate Abilities, Weirdness & Mutations

You are resistant to torment.
Your stone body is resilient. (AC +3)
You are immune to poison.
You resist negative energy. (rN+)
You are resistant to electric shocks. (rElec)
You can survive without breathing.
You are immune to petrification.
You are immune to rotting.


Message History

The gnoll hits you but does no damage.
You barely miss the gnoll.
The gnoll is heavily wounded.
The jackal barks!
You hear a shout!
The gnoll closely misses you.
You closely miss the gnoll.
The gnoll is heavily wounded.
The jackal barely misses you. The gnoll hits you with a +0 spear.
* * * LOW HITPOINT WARNING * * *
A gnoll comes into view. It is wielding a +0 whip.
The jackal bites you but does no damage.
You hit the gnoll but do no damage.
The gnoll is heavily wounded.
The gnoll hits you but does no damage. The jackal misses you.
The gnoll hits you with a +0 spear.
* * * LOW HITPOINT WARNING * * *
You hit the gnoll but do no damage.
The gnoll is heavily wounded.
The jackal bites you.
You die...

.............#
.≈≈≈≈≈≈≈≈≈≈≈≈
.≈≈≈≈≈≈≈≈≈≈≈
.≈≈≈h≈≈≈≈≈≈ .......h..
.....g... ........#
#.######†#####
#.....@gg....#
#......h.....#
#............#
#.######.#####
......#.# #.......#
......#.# #)#.###.#
.....#.####.#...
##+#......#....#.###.#
....##.#..#....#.....#


You could see 2 gnolls and a jackal.

Vanquished Creatures
  2 oozes
  2 worms
  A dart slug (D:2)
  A ball python (D:2)
  6 hobgoblins
  7 jackals
  2 bats (D:1)
  8 frilled lizards
  7 goblins
  7 kobolds
  8 rats (D:1)
51 creatures vanquished.

Notes
Turn   | Place    | Note
-------+----------+-------------------------------------------
     0 | D:1      | ReteAZ the Gargoyle Monk began the quest for the Orb.
     0 | D:1      | Reached XP level 1. HP: 14/14 MP: 1/1
   120 | D:1      | Reached XP level 2. HP: 8/19 MP: 2/2
   629 | D:1      | Reached XP level 3. HP: 22/24 MP: 3/3
  1278 | D:2      | Found a white marble altar of Elyvilon.
  1528 | D:3      | Reached XP level 4. HP: 19/29 MP: 4/4
  1568 | D:3      | HP: 1/29 [gnoll/+0 spear (3)]
  1569 | D:3      | Slain by a jackal

Levels and vault maps discovered:
D:1:      ncdulo_watergridlock, layout_basic
D:2:      minmay_spotlight, layout_basic, elyvilon_altar_3
D:3:      lemuel_castle_with_subvaults [lemuel_castle_interior_carwin_3],
          layout_basic, portal_sewer_entry_d

Skill      XL: |  1  2  3 |
---------------+----------+-----
Fighting       | 4 |  4.2
Maces & Flails | 4 |  4.1
Dodging        | |  2.5
Stealth        | |  2.2

Action                   |  1- 3 |  4- 6 || total
-------------------------+-------+-------++-------
Melee: Mace              |   151 |    19 ||   170
  Use: Scroll            |     1 |       ||     1
 Stab: Sleeping          |     4 |       ||     4
  Eat: Chunk             |     2 |       ||     2
Armor: Robe              |    44 |     6 ||    50
Dodge: Dodged            |   101 |    13 ||   114
